 Dungeon Crawl Stone Soup version 0.25.1-2-g60ff931df9 (webtiles) character file.

Game seed: 866808430355431625

157248 krupnik1 the Warrior (level 17, -29/124 HPs)
             Began as a Gargoyle Fighter on Nov 10, 2020.
             Was the Champion of Makhleb.
             Killed from afar by a deep elf mage (30 damage)
             ... with a lance of force
             ... on level 2 of the Elven Halls.
             The game lasted 01:45:56 (24680 turns).

krupnik1 the Warrior (Gargoyle Fighter)            Turns: 24680, Time: 01:45:57

Health: -29/124    AC: 48    Str: 35    XL:     17   Next: 69%
Magic:  27/27      EV:  9    Int: 18    God:    Makhleb [******]
Gold:   1479       SH:  5    Dex:  9    Spells: 16/16 levels left

rFire    . . .     SeeInvis .   P - +7 dire flail "Utwuatugh" {speed, rElec rC- rN+ Str+2}
rCold    . . .     Gourm    .   (shield currently unavailable)
rNeg     + + +     Faith    .   Y - +10 plate armour {ponderous}
rPois    ∞         Spirit   .   K - +2 hat {MR+}
rElec    +         Reflect  +   Q - +2 cloak
rCorr    .         Harm     .   R - +1 pair of gloves "Tureduuv" {rC+ MR- Str+3 Int+3}
MR       +....                  (no boots)
Stlth    ..........             B - amulet of reflection
HPRegen  0.30/turn              L - ring "Aqiageda" {rN+ Str+4 Int+3 Stlth-}
MPRegen  0.20/turn              r - ring "Abarem" {Str+2 Slay+4}

@: marked, berserk cooldown, flying, slowed, very slow
A: big wings, negative energy resistance 1, electricity resistance, unbreathing,
petrification resistance, rot immunity, AC +12
a: Stop Flying, Minor Destruction, Lesser Servant of Makhleb, Major Destruction,
Greater Servant of Makhleb, Renounce Religion


You were on level 2 of the Elven Halls.
You worshipped Makhleb.
Makhleb was exalted by your worship.
You were hungry.

You visited 6 branches of the dungeon, and saw 27 of its levels.
You also visited: Ossuary, Bailey and Gauntlet.

You collected 2867 gold pieces.
You spent 1388 gold pieces at shops.

Inventory:

Hand Weapons
 P - the +7 dire flail "Utwuatugh" (weapon) {speed, rElec rC- rN+ Str+2}
   (You found it on level 10 of the Dungeon)

   Attacks with this weapon are significantly faster.
   It affects your strength (+2).
   It makes you vulnerable to cold.
   It insulates you from electricity.
   It protects you from negative energy.
Missiles
 b - 7 throwing nets
 Z - 17 silver javelins (quivered)
Armour
 i - the +4 plate armour of the Meadowlark {rF- MR++ SInv}
   (You found it on level 2 of the Lair of Beasts)

   It makes you vulnerable to fire.
   It affects your resistance to hostile enchantments.
   It lets you see invisible.
 K - a +2 hat of magic resistance (worn)
 Q - a +2 cloak (worn)
 R - the +1 pair of gloves "Tureduuv" (worn) {rC+ MR- Str+3 Int+3}
   (You found it in a Gauntlet)

   It affects your strength (+3).
   It affects your intelligence (+3).
   It protects you from cold.
   It affects your resistance to hostile enchantments.
 Y - a +10 plate armour of ponderousness (worn)
Jewellery
 r - the ring "Abarem" (right hand) {Str+2 Slay+4}
   (You bought it in a shop on level 2 of the Orcish Mines)

   [ring of slaying]

   It affects your strength (+2).
   It affects your accuracy and damage with ranged weapons and melee attacks
   (+4).
 B - an amulet of reflection (around neck)
 I - an uncursed ring of magical power
 L - the ring "Aqiageda" (left hand) {rN+ Str+4 Int+3 Stlth-}
   (You found it on level 2 of the Lair of Beasts)

   [ring of attention]

   It affects your strength (+4).
   It affects your intelligence (+3).
   It protects you from negative energy.
   It makes you less stealthy.
Wands
 d - a wand of disintegration (46)
 m - a wand of iceblast (34)
 x - a wand of flame (26)
 y - a wand of clouds (4)
 F - a wand of digging (4)
 J - a wand of paralysis (32)
 N - a wand of acid (28)
Scrolls
 a - 2 scrolls of fog
 c - 6 scrolls of magic mapping
 e - 12 scrolls of enchant weapon
 h - 14 scrolls of remove curse
 l - 8 scrolls of teleportation
 n - 4 scrolls of blinking
 u - a scroll of identify
 v - a scroll of amnesia
 w - a scroll of silence
 G - 8 scrolls of enchant armour
 H - 3 scrolls of fear
 S - a scroll of holy word
 W - a scroll of brand weapon
 X - 2 scrolls of summoning
Potions
 g - 9 potions of magic
 j - 3 potions of brilliance
 k - 5 potions of lignification
 o - 4 potions of resistance
 p - 19 potions of curing
 q - a potion of invisibility
 s - 3 potions of stabbing
 t - 7 potions of heal wounds
 D - 2 potions of might
 E - 6 potions of mutation
 U - 2 potions of ambrosia
Miscellaneous
 T - a phial of floods
Comestibles
 f - 36 rations
 z - 9 chunks of flesh


   Skills:
 * Level 20.3 Fighting
 - Level 14.0 Maces & Flails
 + Level 16.0 Armour
   Level 9.2 Shields
 + Level 13.9 Invocations


You had 16 spell levels left.
You didn't know any spells.
Your spell library contained the following spells:

 Spells                   Type           Power        Failure   Level  Hunger
 Animate Skeleton         Necr           N/A          65%         1    ##.....
 Apportation              Tloc           #.....       65%         1    ##.....
 Beastly Appendage        Tmut           #.....       65%         1    ##.....
 Corona                   Hex            #......      65%         1    ##.....
 Pain                     Necr           #...         65%         1    ##.....
 Summon Butterflies       Summ           #.......     65%         1    ##.....
 Summon Small Mammal      Summ           #...         65%         1    ##.....
 Slow                     Hex            #.......     80%         2    ###....
 Sticks to Snakes         Tmut           #.......     80%         2    ###....
 Call Canine Familiar     Summ           #.......     95%         3    ####...
 Inner Flame              Hex/Fire       #.......     95%         3    ####...
 Ozocubu's Armour         Chrm/Ice       #.......     95%         3    ####...
 Portal Projectile        Hex/Tloc       #.....       95%         3    ####...
 Spider Form              Tmut/Pois      #.........   95%         3    ####...
 Vampiric Draining        Necr           #.........   95%         3    ####...
 Animate Dead             Necr           N/A          100%        4    #####..
 Cause Fear               Hex            #.........   100%        4    #####..
 Ice Form                 Ice/Tmut       #.......     100%        4    #####..
 Leda's Liquefaction      Hex/Erth       #.........   100%        4    #####..
 Summon Ice Beast         Ice/Summ       #.......     100%        4    #####..
 Agony                    Necr           #.......     100%        5    ######.
 Blade Hands              Tmut           #.........   100%        5    ######.
 Summon Demon             Summ           #.........   100%        5    ######.
 Summon Mana Viper        Hex/Summ       #.......     100%        5    ######.
 Malign Gateway           Summ/Tloc      #.........   100%        7    #######
 Summon Hydra             Summ           #.........   100%        7    #######


Dungeon Overview and Level Annotations

Branches:
Dungeon (15/15)            Temple (1/1) D:6            Lair (6/6) D:8
  Swamp (0/4) Lair:3        Snake (0/4) Lair:3        Slime (1/5) Lair:6
    Orc (2/2) D:10            Elf (2/3) Orc:2        Vaults (0/5) D:14
 Depths (0/5) D:15        Ossuary (visited)          Bailey (visited)
Gauntlet (visited)

Altars:
Cheibriados
Gozag
Makhleb
Nemelex Xobeh
Qazlal
Vehumet
Xom
Yredelemnul

Shops:
D:4 *   D:5 =   D:6 *   D:12 %   D:14 }   Orc:2 ==}[[


Innate Abilities, Weirdness & Mutations

You are resistant to torment.
Your stone body is resilient. (AC +12)
You are immune to poison.
Your large and strong wings let you fly indefinitely.
You resist negative energy. (rN+)
You are resistant to electric shocks. (rElec)
You can survive without breathing.
You are immune to petrification.
You are immune to rotting.


Message History

You miss the deep elf blademaster.
The deep elf blademaster is moderately wounded.
You block the deep elf mage's attack.
The deep elf blademaster hits you but does no damage.
The deep elf blademaster misses you.
You miss something. The +0 hand axe of venom hits you.
* * * LOW HITPOINT WARNING * * *
Something hits you but does no damage.
The deep elf blademaster closely misses you.
The deep elf blademaster hits you with a +0 short sword.
* * * LOW HITPOINT WARNING * * *
You miss the deep elf blademaster.
The deep elf blademaster is moderately wounded.
The +0 hand axe of venom hits you but does no damage.
Something hits you but does no damage.
The deep elf mage mumbles some strange words.
The deep elf mage blinks!
The deep elf mage casts a spell at you. The lance of force hits you!!
You die...

....###....#
.....#.....#
...........#
...........#
....e......#
........)..#
.....§..ee(#
.....#..(({#
.... ##.(e@#
..( #..e*#
.. ##...# .
#...# ....#
.....#
.....##
......


You could see a deep elf blademaster, 2 deep elf knights, 2 deep elf magi, 4
dancing weapons and a battlesphere.

Vanquished Creatures
  An acid blob (Lair:6)
  Gastronok (D:9)
  An orc warlord (Bailey)
  A deep elf elementalist (Elf:1)
  A stone giant (Orc:2)
  A deep elf demonologist (Elf:1)
  A minotaur (Gauntlet)
  A dire elephant (Lair:6)
  A deep elf annihilator (Elf:1)
  An ettin (D:13)
  A blizzard demon (Gauntlet)
  Snorg (D:13)
  A deep elf death mage (Elf:1)
  Erolcha (Orc:1)
  Harold (D:7)
  A rakshasa (D:15)
  A hydra (Lair:6)
  3 centaur warriors
  A merfolk avatar (Lair:6)
  8 dancing weapons
  5 two-headed ogres
  2 tengu warriors (D:15)
  5 orc high priests
  9 deep elf knights
  Sonja (Lair:5)
  9 skeletal warriors
  2 unseen horrors
  2 glowing orange brains
  8 deep elf archers
  An orange crystal statue (Elf:1)
  An orc knight (D:15)
  Pikel (D:4)
  3 harpies (Lair:6)
  18 ugly things
  A harpy (shapeshifter) (D:14)
  4 cyclopes
  4 orc sorcerers
  An oklob plant (Lair:2)
  38 deep elf magi
  2 manticores
  Maurice (D:8)
  A torpor snail (Lair:3)
  Joseph (D:7)
  10 elephants
  4 black mambas
  13 spiny frogs
  Psyche (D:8)
  2 centaur skeletons
  A gargoyle (D:10)
  6 rime drakes
  4 demonic crawlers (D:13)
  8 komodo dragons
  A minotaur zombie (Gauntlet)
  2 yaktaurs (D:14)
  2 freezing wraiths (D:15)
  5 trolls
  3 meliai (D:13)
  A polar bear (shapeshifter) (D:14)
  4 polar bears
  6 hornets
  A blink frog (shapeshifter) (D:15)
  14 blink frogs
  14 slime creatures
  6 dream sheep (Lair:6)
  6 hippogriffs
  15 flying skulls (Gauntlet)
  4 air elementals
  Sigmund (D:2)
  2 shadows
  3 wraiths
  51 yaks
  7 water elementals
  3 wyverns
  2 hungry ghosts
  3 fire bats (Lair:3)
  3 small abominations (D:13)
  3 basilisks
  3 fire elementals
  Menkaure (D:4)
  7 vampire mosquitoes
  3 swamp worms (Lair:3)
  2 wargs
  2 acid dragons
  A naga (Lair:3)
  A floating eye (D:13)
  9 water moccasins
  4 ice beasts
  4 phantoms
  8 porcupines
  A necrophage (D:10)
  23 orc warriors
  A black bear (shapeshifter) (D:14)
  2 black bears (D:8)
  An eye of draining (D:15)
  2 wolves (shapeshifter) (D:15)
  12 ogres
  12 centaurs
  14 wolves
  A boggart (D:14)
  12 crocodiles
  12 bullfrogs
  4 big kobolds
  A gnoll sergeant (D:9)
  An earth elemental (Elf:1)
  A water moccasin zombie (D:8)
  6 scorpions
  A scorpion (shapeshifter) (D:15)
  14 killer bees
  7 wights (D:12)
  A howler monkey (D:11)
  7 jellies
  11 electric eels
  9 crimson imps
  2 bullfrog zombies
  4 centaur zombies
  A lava snake (Lair:3)
  A hound (shapeshifter) (D:15)
  5 hounds
  A wyvern simulacrum (D:15)
  25 orc priests
  Crazy Yiuf (D:3)
  27 orc wizards
  2 bullfrog skeletons
  Natasha (thrice) (D:3)
  An iguana (D:8)
  13 worker ants
  A hound skeleton (D:9)
  5 mummies (Ossuary)
  Robin (D:2)
  10 gnolls
  A howler monkey skeleton (D:3)
  9 adders
  4 shadow imps
  5 oozes (D:9)
  3 adder skeletons
  5 worms
  5 dart slugs
  6 leopard geckos
  99 orcs
  3 ball pythons
  5 bats
  6 giant cockroaches
  15 goblins
  14 hobgoblins
  7 jackals
  39 kobolds
  9 quokkas
  3 frilled lizards
  A gnoll zombie (Ossuary)
  A goblin zombie (Ossuary)
  2 hobgoblin zombies (Ossuary)
  2 jackal zombies
  3 kobold zombies (Ossuary)
  A quokka skeleton (D:9)
  5 rats
  4 plants
921 creatures vanquished.

Vanquished Creatures (others)
  2 deep elf knights
  An unseen horror (D:13)
  A deep elf mage (Elf:2)
  A killer bee (D:12)
  An orc wizard (D:10)
  3 orcs (Elf:1)
  6 fungi
  8 plants
23 creatures vanquished.

Grand Total: 944 creatures vanquished

Notes
Turn   | Place    | Note
-------+----------+-------------------------------------------
     0 | D:1      | krupnik1 the Gargoyle Fighter began the quest for the Orb.
     0 | D:1      | Reached XP level 1. HP: 14/14 MP: 1/1
    69 | D:1      | Reached XP level 2. HP: 19/19 MP: 2/2
   604 | D:1      | Reached XP level 3. HP: 24/24 MP: 3/3
  1004 | D:2      | Reached XP level 4. HP: 21/29 MP: 4/4
  1130 | D:2      | Noticed Sigmund
  1191 | D:2      | Noticed Robin
  1466 | D:2      | Killed Robin
  1466 | D:2      | Reached skill level 4 in Fighting
  1668 | D:2      | Found a snail-covered altar of Cheibriados.
  1702 | D:2      | Killed Sigmund
  1702 | D:2      | Reached XP level 5. HP: 11/34 MP: 5/5
  1702 | D:2      | Reached XP level 6. HP: 13/39 MP: 6/6
  2098 | D:3      | Noticed Natasha
  2108 | D:3      | Killed Natasha
  2324 | D:3      | Noticed Natasha
  2332 | D:3      | Killed Natasha
  2373 | D:3      | Found a shimmering altar of Xom.
  2373 | D:3      | Found a shimmering altar of Xom.
  2375 | D:3      | Found a shimmering altar of Xom.
  2375 | D:3      | Found a shimmering altar of Xom.
  2480 | D:3      | Noticed Natasha
  2505 | D:3      | Killed Natasha
  2505 | D:3      | Reached XP level 7. HP: 38/44 MP: 7/7
  2711 | D:3      | Found a runed translucent door.
  2712 | D:3      | Noticed Crazy Yiuf
  2885 | D:3      | Killed Crazy Yiuf
  2928 | D:4      | Reached skill level 5 in Fighting
  2928 | D:4      | Reached skill level 5 in Maces & Flails
  2928 | D:4      | Reached skill level 5 in Shields
  2960 | D:4      | Found Vunn's General Store.
  2983 | D:4      | Bought a potion of heal wounds for 50 gold pieces
  3263 | D:4      | Noticed Menkaure
  3273 | D:4      | Killed Menkaure
  3273 | D:4      | Reached skill level 5 in Armour
  3284 | D:4      | Noticed Pikel
  3302 | D:4      | Killed Pikel
  3302 | D:4      | Reached XP level 8. HP: 36/51 MP: 8/8
  3706 | D:4      | Reached skill level 6 in Fighting
  3888 | D:5      | Entered Level 5 of the Dungeon
  4091 | D:5      | Reached XP level 9. HP: 56/56 MP: 9/9
  4106 | D:5      | Found a snail-covered altar of Cheibriados.
  4241 | D:5      | Found Oddiof's Jewellery Boutique.
  4804 | D:6      | Reached skill level 7 in Fighting
  4918 | D:6      | Found a sand-covered staircase.
  4926 | Ossuary  | Entered an ossuary
  5259 | D:6      | Found a staircase to the Ecumenical Temple.
  5270 | D:6      | Found Mucwumets's Assorted Antiques.
  5273 | Temple   | Entered the Ecumenical Temple
  5288 | Temple   | Became a worshipper of Makhleb the Destroyer
  5779 | D:6      | Got a distressingly furry leather armour
  5780 | D:6      | Identified the cursed +1 leather armour "Tynoe" {rElec rC+
                  | rN+ Regen+ Str-4} (You found it on level 6 of the Dungeon)
  6068 | D:7      | Noticed Harold
  6071 | D:7      | Paralysed by Harold for 7 turns
  6097 | D:7      | Killed Harold
  6097 | D:7      | Reached XP level 10. HP: 36/64 MP: 10/10
  6330 | D:7      | Noticed Joseph
  6364 | D:7      | Killed Joseph
  6511 | D:7      | Reached skill level 8 in Fighting
  6765 | D:7      | Reached * piety under Makhleb
  6956 | D:8      | Noticed Psyche
  6977 | D:8      | Killed Psyche
  7197 | D:8      | Noticed Maurice
  7250 | D:8      | Killed Maurice
  7279 | D:8      | Reached skill level 10 in Maces & Flails
  7437 | D:8      | Found a staircase to the Lair.
  7745 | D:9      | Noticed Gastronok
  7766 | D:9      | Killed Gastronok
  7766 | D:9      | Reached skill level 9 in Fighting
  7766 | D:9      | Reached XP level 11. HP: 71/71 MP: 11/11
  7862 | D:9      | Found a sparkling altar of Nemelex Xobeh.
  8133 | D:9      | Reached ** piety under Makhleb
  8415 | D:10     | Entered Level 10 of the Dungeon
  8493 | D:10     | Noticed a purple ugly thing
  8506 | D:10     | Killed a purple ugly thing
  8628 | D:10     | Got a crude dire flail
  8629 | D:10     | Identified the +7 dire flail "Utwuatugh" {speed, rElec rC-
                  | rN+ Str+2} (You found it on level 10 of the Dungeon)
  8705 | D:10     | Reached skill level 1 in Invocations
  8823 | D:10     | Found a staircase to the Orcish Mines.
  9148 | D:10     | Reached *** piety under Makhleb
  9496 | D:10     | Noticed a two-headed ogre
  9497 | D:10     | Noticed a deep elf mage
  9504 | D:10     | Killed a two-headed ogre
  9504 | D:10     | Reached XP level 12. HP: 63/77 MP: 14/14
  9621 | D:10     | Reached skill level 10 in Fighting
 10033 | D:11     | Reached skill level 10 in Armour
 10046 | D:11     | Reached **** piety under Makhleb
 10938 | D:12     | Reached skill level 5 in Invocations
 10981 | D:12     | Found a flagged portal.
 10992 | Bailey   | Entered a bailey
 10997 | Bailey   | Noticed an orc warlord
 11045 | Bailey   | Reached ***** piety under Makhleb
 11070 | Bailey   | Found a runed translucent gate.
 11071 | Bailey   | Found a runed translucent gate.
 11072 | Bailey   | Found a runed translucent gate.
 11284 | Bailey   | Killed an orc warlord
 11730 | D:12     | Found Leubreup's Food Emporium.
 11848 | D:12     | Reached skill level 11 in Fighting
 11848 | D:12     | Reached XP level 13. HP: 84/84 MP: 17/17
 12772 | D:13     | Noticed Snorg
 12783 | D:13     | Killed Snorg
 13110 | D:13     | Noticed an ettin
 13118 | D:13     | Killed an ettin
 13178 | D:13     | Reached ****** piety under Makhleb
 13487 | D:13     | Reached skill level 12 in Fighting
 13511 | D:13     | Identified Sif Muna's Almanac of the Lucky Escort
 13543 | D:13     | Gained mutation: Your large and strong wings let you fly
                  | indefinitely. [Gargoyle growth]
 13543 | D:13     | Reached XP level 14. HP: 92/92 MP: 19/21
 13667 | D:13     | Got a dazzling mace
 13680 | D:13     | Identified the cursed +0 mace of Conit {freeze, rC+ Dex+4}
                  | (You found it on level 13 of the Dungeon)
 13693 | D:13     | Identified a scroll of acquirement
 13824 | D:13     | Acquired a manual of Fighting
 14049 | D:14     | Got a silken robe
 14058 | D:14     | Found a gate leading to a gauntlet.
 14062 | Gauntlet | Entered a Gauntlet
 14062 | Gauntlet | Found a transporter.
 14075 | Gauntlet | Found a transporter.
 14090 | Gauntlet | Found a transporter.
 14093 | Gauntlet | Found a transporter.
 14103 | Gauntlet | Found a transporter.
 14121 | Gauntlet | Found a runed translucent door.
 14125 | Gauntlet | Found a transporter.
 14131 | Gauntlet | Found a transporter.
 14132 | Gauntlet | Found a transporter.
 14160 | Gauntlet | Found a transporter.
 14163 | Gauntlet | Found a transporter.
 14165 | Gauntlet | Found a transporter.
 14167 | Gauntlet | Found a large runed translucent door.
 14167 | Gauntlet | Found a large runed translucent door.
 14168 | Gauntlet | Found a large runed translucent door.
 14168 | Gauntlet | Found a large runed translucent door.
 14169 | Gauntlet | Found a large runed translucent door.
 14169 | Gauntlet | Found a large runed translucent door.
 14169 | Gauntlet | Found a runed translucent door.
 14169 | Gauntlet | Found a runed translucent door.
 14170 | Gauntlet | Found a large runed translucent door.
 14170 | Gauntlet | Found a large runed translucent door.
 14171 | Gauntlet | Found a large runed translucent door.
 14171 | Gauntlet | Found a large runed translucent door.
 14172 | Gauntlet | Found a large runed translucent door.
 14172 | Gauntlet | Found a large runed translucent door.
 14172 | Gauntlet | Found a large runed translucent door.
 14172 | Gauntlet | Found a large runed translucent door.
 14174 | Gauntlet | Found a runed translucent gate.
 14174 | Gauntlet | Found a runed translucent gate.
 14174 | Gauntlet | Found a runed translucent gate.
 14176 | Gauntlet | Found a transporter.
 14208 | Gauntlet | Reached skill level 13 in Fighting
 14235 | Gauntlet | Reached XP level 15. HP: 98/98 MP: 22/22
 14286 | Gauntlet | Got a pair of polished gloves
 14317 | Gauntlet | Identified the +2 robe "Himoink" {+Fly rPois rCorr} (You
                  | found it on level 14 of the Dungeon)
 14333 | Gauntlet | Identified the +1 pair of gloves "Tureduuv" {rC+ MR- Str+3
                  | Int+3} (You found it in a Gauntlet)
 14466 | Gauntlet | Reached skill level 10 in Invocations
 14606 | D:14     | You are sucked into a shaft and drop 1 floor!
 14606 | D:15     | Entered Level 15 of the Dungeon
 14776 | D:14     | Reached skill level 14 in Fighting
 14865 | D:14     | Found a gate to the Vaults.
 15515 | D:14     | Found Farchicu's Gadget Emporium.
 15732 | D:15     | Found a stormy altar of Qazlal.
 15783 | D:15     | Reached skill level 15 in Fighting
 16065 | D:15     | Reached skill level 16 in Fighting
 16166 | D:15     | Got a vibrating graven amulet
 16171 | D:15     | Identified the amulet of Ixulul {Faith rPois rN+} (You
                  | found it on level 15 of the Dungeon)
 16684 | D:15     | Found a staircase to the Depths.
 16902 | Lair:1   | Entered Level 1 of the Lair of Beasts
 17688 | Lair:2   | Got a warped bone ring
 17717 | Lair:2   | Reached skill level 17 in Fighting
 17816 | Lair:2   | Identified the +1 ring mail "Paug" {rF+ Int+4 Dex-2 Stlth+}
                  | (You found it on level 2 of the Lair of Beasts)
 17841 | Lair:2   | Identified the ring "Aqiageda" {rN+ Str+4 Int+3 Stlth-}
                  | (You found it on level 2 of the Lair of Beasts)
 18231 | Lair:2   | Got a smoking plate armour
 18243 | Lair:2   | Identified the +4 plate armour of the Meadowlark {rF- MR++
                  | SInv} (You found it on level 2 of the Lair of Beasts)
 18464 | Lair:2   | Reached XP level 16. HP: 112/112 MP: 24/24
 18935 | Lair:3   | Found a staircase to the Snake Pit.
 19118 | Lair:3   | Found a staircase to the Swamp.
 19442 | Lair:4   | Reached skill level 18 in Fighting
 20474 | Lair:5   | Found a sparkling altar of Nemelex Xobeh.
 20663 | Lair:5   | Noticed Sonja
 20671 | Lair:5   | Killed Sonja
 21048 | Lair:6   | Entered Level 6 of the Lair of Beasts
 21049 | Lair:6   | Found a staircase to the Slime Pits.
 21875 | Lair:6   | Got a brightly glowing marble ring
 21889 | Lair:6   | Identified the ring of Res Nullius {*Drain +Fly rN+ Int+6
                  | Stlth+} (You found it on level 6 of the Lair of Beasts)
 22177 | Slime:1  | Entered Level 1 of the Pits of Slime
 22177 | Slime:1  | Noticed an acid blob
 22179 | Slime:1  | Noticed an acid blob
 22196 | Lair:6   | Killed an acid blob
 22196 | Lair:6   | Reached skill level 19 in Fighting
 22196 | Lair:6   | Reached skill level 15 in Armour
 22465 | Orc:1    | Entered Level 1 of the Orcish Mines
 22525 | Orc:1    | Noticed Erolcha
 22536 | Orc:1    | Killed Erolcha
 22763 | Orc:2    | Entered Level 2 of the Orcish Mines
 22763 | Orc:2    | Found a staircase to the Elven Halls.
 22859 | Orc:2    | Found Rimeroor's Armour Boutique.
 23070 | Orc:2    | Found Peho's Gadget Boutique.
 23070 | Orc:2    | Found Nolid's Antique Armour Boutique.
 23074 | Orc:2    | Found Yxiamoyxt's Jewellery Shop.
 23077 | Orc:2    | Found Acair's Jewellery Shop.
 23087 | Orc:2    | Bought the ring "Abarem" {Str+2 Slay+4} for 1338 gold
                  | pieces
 23373 | Elf:1    | Entered Level 1 of the Elven Halls
 23397 | Elf:1    | Reached XP level 17. HP: 122/122 MP: 26/26
 23400 | Elf:1    | Found a radiant altar of Vehumet.
 23864 | Elf:1    | Reached skill level 20 in Fighting
 24206 | Elf:1    | Got a bloodstained morningstar
 24207 | Elf:1    | Identified the +8 morningstar of Classification {antimagic,
                  | +Fly rC- Dex+9} (You found it on level 1 of the Elven
                  | Halls)
 24647 | Elf:2    | Noticed a deep elf blademaster
 24679 | Elf:2    | HP: 1/124 [deep elf blademaster/+0 short sword (6)]
 24680 | Elf:2    | Killed from afar by a deep elf mage

Illustrated notes

Levels and vault maps discovered:
D:1:      zelgadis_glass_arrival_small, layout_loops_ring
D:2:      layout_rooms, hex_tiny, cheibriados_altar_1, uniq_robin, uniq_sigmund
D:3:      layout_rooms, first_ration, minivault_14, xom_redecorated,
          uniq_natasha, uniq_crazy_yiuf_cottage
D:4:      layout_basic, serial_shops, shop_coins, minmay_misc_feat_four_crosses,
          kennysheep_small_spiral, uniq_menkaure, uniq_pikel
D:5:      layout_gridville, nicolae_overflow_crystal_walls, serial_shops,
          nicolae_shop_window_shopping
D:6:      layout_basic, minmay_temple_entry_grid, enter_ossuary_5, serial_shops,
          shop
D:7:      layout_gridville, uniq_joseph, uniq_harold
D:8:      layout_cave_pools, grunt_lair_entry_orc_guard_hut,
          chequers_hall_statues_y, uniq_maurice, uniq_psyche
D:9:      layout_roguey, hangedman_little_slice_of_home, minivault_5,
          nemelex_diamond_rough_becter, uniq_gastronok
D:10:     layout_roguey [special_room_orc], david_orc_4, serial_corexii_hall,
          chequers_hall_statues_y, corexii_hall_statues_i
D:11:     layout_roguey, minivault_24
D:12:     layout_long_grid, serial_shops, nicolae_shop_trees, serial_bayou,
          serial_bayou_pond_d, serial_bayou_lagoon_a, serial_bayou_lake_a,
          serial_bayou_pond_e, serial_bayou_ford_a,
          lightli_bailey_entry_fortress
D:13:     cheibrodos_hippocracy, layout_loops_ring, minmay_three_doors,
          uniq_snorg
D:14:     layout_gridville, hangedman_vaults_entry_quadrant_bands,
          kennysheep_nondescript, serial_shops, nicolae_shop_window_shopping,
          gauntlet_entry_generic, drop_trap
D:15:     gammafunk_enter_depths_forms, layout_small_grid,
          chequers_serial_rivers_micro_e, eino_small_chamber_without_monster,
          grunt_qazlal_clouds
Temple:   minmay_crystal_snake_temple
Lair:1:   layout_cave_pods, infiniplex_staircase_pool
Lair:2:   layout_chaotic_city, minmay_lair_oklob_chamber, grunt_megastairs_3
Lair:3:   layout_gridlike, nicolae_swamp_entry_splash_gauntlet,
          guppyfry_snake_entry_island, serial_bayou_pond_b, serial_bayou_shore_b
Lair:4:   layout_loops_ring
Lair:5:   layout_regular_city, basic_altar, uniq_sonja
Lair:6:   gammafunk_lair_ancient_temple, layout_cave_pods,
          minmay_slime_entry_pillars
Slime:1:  layout_caves
Orc:1:    layout_caves, uniq_erolcha
Orc:2:    st_orc_mages, layout_caves, serial_shops, shop, nicolae_orc_tapped_out
Elf:1:    eino_elf_arrival_altar, layout_rooms, minivault_28, minivault_15
Elf:2:    layout_onion_city, serial_shops, nicolae_shop_trees, uniq_asterion

Skill      XL: |  1  2  3  4  5  6  7  8  9 10 11 12 13 14 15 16 17 |
---------------+----------------------------------------------------+-----
Maces & Flails | 3 4 6 7 9 10 12 13 14 | 14.0
Shields        | 4 5 6 7 9 |  9.2
Fighting       | 4 5 6 7 9 11 12 13 17 19 20 | 20.3
Armour         | 4 5 6 7 8 9 10 12 14 15 16 | 16.0
Invocations    | 3 6 9 11 13 | 13.9

Action                   |  1- 3 |  4- 6 |  7- 9 | 10-12 | 13-15 | 16-18 || total
-------------------------+-------+-------+-------+-------+-------+-------++-------
Melee: Flail             |   122 |   221 |    21 |       |       |       ||   364
       Mace              |       |       |   424 |   374 |       |       ||   798
       Dire flail        |       |       |       |   650 |   988 |  1072 ||  2710
Throw: Stone             |    17 |       |       |       |       |       ||    17
       Boomerang         |       |       |       |    15 |       |       ||    15
Invok: Major Destruction |       |       |       |       |     3 |       ||     3
       Greater Servant o |       |       |       |       |     2 |       ||     2
       Lesser Servant of |       |       |       |       |     1 |       ||     1
 Abil: Fly               |       |       |       |       |     1 |       ||     1
Evoke: Wand              |       |       |       |     1 |     7 |       ||     8
  Use: Scroll            |       |     5 |     7 |     8 |    14 |     9 ||    43
       Potion            |       |       |     1 |     3 |     3 |     3 ||    10
 Stab: Paralysed         |       |       |       |       |     6 |       ||     6
  Eat: Chunk             |       |     6 |     9 |    19 |    16 |    17 ||    67
       Ration            |       |       |     1 |     1 |     2 |     1 ||     5
Armor: Scale mail        |    69 |   180 |   195 |       |       |       ||   444
       Chain mail        |       |       |    10 |   469 |   100 |       ||   579
       Plate armour      |       |       |       |       |   496 |   649 ||  1145
Dodge: Dodged            |    44 |   112 |   149 |   220 |   215 |   229 ||   969
Block: Kite shield       |    61 |   160 |   235 |   157 |       |       ||   613
       Other             |       |       |       |       |    50 |   148 ||   198
       Reflection        |       |       |       |       |     1 |    10 ||    11
